 Dungeon Crawl Stone Soup version 0.23.2-1-ga50397a (webtiles) character file.

Game seed: 14223691569463217575

5000 Isu the Slicer (level 10, -1/66 HPs)
             Began as a Halfling Skald on May 26, 2019.
             Was a Believer of Nemelex Xobeh.
             Shot with a bolt by an orc (13 damage)
             ... in a bailey.
             The game lasted 00:35:08 (7244 turns).

Isu the Slicer (Halfling Skald)                     Turns: 7244, Time: 00:35:08

Health: -1/66      AC: 10    Str: 13    XL:     10   Next: 84%
Magic:  12/12      EV: 19    Int: 11    God:    Nemelex Xobeh [**....]
Gold:   329        SH:  0    Dex: 17    Spells: 7/12 levels left

rFire    + . .     SeeInvis .   O - +0 arbalest
rCold    . . .     Gourm    .   (shield currently unavailable)
rNeg     + . .     Faith    +   r - +0 leather armour {rF+}
rPois    .         Spirit   .   H - +1 hat {MR+}
rElec    .         Reflect  .   L - +0 cloak
rCorr    .         Harm     .   g - +0 pair of gloves
MR       +....                  E - +1 pair of boots
Stlth    ++........             p - amulet of faith
HPRegen  0.21/turn              i - ring of positive energy
MPRegen  0.13/turn              (no ring)

@: no status effects
A: small, mutation resistance 1
a: Draw Escape, Draw Destruction, Draw Summoning, Renounce Religion


You were in a bailey.
You worshipped Nemelex Xobeh.
Nemelex Xobeh was pleased with you.
You were not hungry.

You visited 2 branches of the dungeon, and saw 9 of its levels.
You also visited: Bailey.

You collected 329 gold pieces.

Inventory:

Hand Weapons
 a - a +0 short sword
 e - a +4 hunting sling
 f - a +1 dagger of protection
 q - a +0 spear
 J - a +0 long sword
 O - a +0 arbalest (weapon)
Missiles
 D - 26 poisoned needles
 N - 3 throwing nets
 P - 67 bolts (quivered)
 Q - 7 sling bullets
Armour
 g - a +0 pair of gloves (worn)
 r - a +0 leather armour of fire resistance (worn)
 E - a +1 pair of boots (worn)
 H - a +1 hat of magic resistance (worn)
 L - a +0 cloak (worn)
Jewellery
 i - a ring of positive energy (left hand)
 p - an amulet of faith (around neck)
Wands
 c - a wand of polymorph (4)
 k - a wand of disintegration (4)
 s - a wand of flame (31)
 t - a wand of acid (3)
 y - a wand of iceblast (6)
 C - a wand of clouds (4)
Scrolls
 h - 5 scrolls of remove curse
 j - a scroll of teleportation
 m - 4 scrolls of immolation
 n - 4 scrolls of magic mapping
 o - 2 scrolls of blinking
 u - 4 scrolls of enchant weapon
 v - 2 scrolls of enchant armour
 x - 2 scrolls of amnesia {unknown}
 G - a scroll of random uselessness {unknown}
 I - a scroll of brand weapon {unknown}
 K - a scroll of vulnerability {unknown}
Potions
 b - a potion of lignification
 l - a potion of brilliance
 w - 2 potions of haste
 z - a potion of magic
 A - a potion of flight {unknown}
 B - a potion of resistance {unknown}
 F - a potion of mutation {unknown}
 M - a potion of heal wounds
Comestibles
 d - 18 rations


   Skills:
 - Level 5.5 Fighting
 - Level 11.0(11.1) Short Blades
 * Level 2.2(6.3) Long Blades
 - Level 5.1 Slings
 * Level 7.8 Armour
 * Level 7.4 Dodging
 - Level 2.0 Stealth
 - Level 1.5 Spellcasting
 - Level 3.2 Charms


You had 7 spell levels left.
You knew the following spells:

 Your Spells              Type           Power        Failure   Level  Hunger
a - Infusion              Chrm           #...         10%         1    ##.....
b - Song of Slaying       Chrm           #.......     14%         2    ###....
c - Shroud of Golubria    Chrm/Tloc      #.........   28%         2    ###....

Your spell library contained the following spells:

 Spells                   Type           Power        Failure   Level  Hunger
 Beastly Appendage        Tmut           #.....       36%         1    ##.....
 Magic Dart               Conj           #...         36%         1    ##.....
 Searing Ray              Conj           #.....       50%         2    ###....
 Sticks to Snakes         Tmut           #.......     50%         2    ###....
 Regeneration             Chrm/Necr      #.........   50%         3    ####...
 Spectral Weapon          Hex/Chrm       #.......     50%         3    ####...
 Dazzling Spray           Conj/Hex       #.....       75%         3    ####...
 Spider Form              Tmut/Pois      #.........   75%         3    ####...
 Force Lance              Conj/Tloc      #.......     98%         4    #####..
 Fulminant Prism          Conj/Hex       #.........   98%         4    #####..
 Ice Form                 Ice/Tmut       #.......     98%         4    #####..
 Iskenderun's Mystic Bla  Conj           #.......     98%         4    #####..
 Blade Hands              Tmut           #.........   100%        5    ######.


Dungeon Overview and Level Annotations

Branches:
Dungeon (8/15)             Temple (1/1) D:4
   Lair: D:8-11

Altars:
Ashenzari
Cheibriados
Dithmenos
Elyvilon
Fedhas
Gozag
Hepliaklqana
Kikubaaqudgha
Makhleb
Nemelex Xobeh
Okawaru
Qazlal
Ru
Sif Muna
Trog
Uskayaw
Vehumet
Wu Jian
Xom
Yredelemnul
Zin
The Shining One

Shops:
D:4 }   D:6 ?

Annotations:
D:6 3 runed translucent doors, IBeShadow's ghost, novice DsCK


Innate Abilities, Weirdness & Mutations

You are small and have problems with some larger weapons.
You are somewhat resistant to further mutation.


Message History

An orc warrior comes into view. It is wielding a +0 arbalest.
The orc warrior shouts!
An orc comes into view. It is wielding a +3 arbalest.
The orc disappears!
The orc warrior shoots a bolt.
The bolt barely misses you.
You see here a bolt.
The orc warrior shoots a bolt.
The bolt barely misses you.
You see here a bolt.
The orc warrior shoots a bolt.
The bolt barely misses you.
You see here a bolt.
The orc warrior shoots a bolt.
The bolt misses you.
You see here a bolt.
The orc shoots a bolt.
The bolt completely misses you.
Found a gate leading back out of this place.
You see here a bolt.
The orc warrior shoots a bolt.
The bolt hits you!!
* * * LOW HITPOINT WARNING * * *
An orc comes into view. It is wielding a -2 arbalest.
The orc shoots a bolt.
The bolt hits you!
You die...
Your body glows slightly and disappears.

.......................
.......................
≈≈≈.................≈≈≈
#≈≈...............≈≈#.#
o##≈...............≈##.#
^..≈...............≈o.^.
o∩#≈..........o....≈#∩.#
.≈≈#o#≈≈...(#######(...≈≈#)#
.....o.≈≈≈≈≈....@#
##(...≈≈≈≈
.................# ##(......
.................# ##......
.............##..# #(.....
.............##.## ##.....
.............##. #.....
...........o(##. #.....
............(##. #....[
.............## ##.....


You could see an orc warrior and 2 orcs.

Vanquished Creatures
  A two-headed ogre (D:8)
  Harold (D:7)
  Grinder (D:5)
  Sigmund (D:3)
  Grum (D:8)
  A swamp drake (D:6)
  3 ice beasts
  4 slaves (D:7)
  3 orc warriors (Bailey)
  An ogre (D:7)
  A phantom (D:7)
  4 sky beasts
  2 wolves (D:8)
  2 big kobolds
  Blork the orc (D:6)
  5 bullfrogs
  A scorpion (D:7)
  A bullfrog zombie (D:7)
  2 crimson imps
  2 hounds
  A jelly (D:7)
  2 orc priests (D:7)
  An orc wizard (D:4)
  2 iguanas
  Jessica (D:3)
  Natasha (thrice) (D:3)
  6 worker ants
  3 gnolls (D:6)
  9 adders
  A shadow imp (D:6)
  An adder skeleton (D:7)
  5 worms
  3 dart slugs
  4 leopard geckos
  25 orcs
  8 bats
  3 giant cockroaches
  5 goblins
  9 hobgoblins
  5 jackals
  A ball python (D:3)
  6 frilled lizards
  2 gnoll zombies (D:4)
  14 kobolds
  12 rats
  2 toadstools (D:1)
172 creatures vanquished.

Vanquished Creatures (collateral kills)
  Pikel (D:7)
1 creature vanquished.

Vanquished Creatures (others)
  A spriggan (D:7)
  A centaur (D:7)
  A howler monkey (D:7)
  A kobold (D:7)
  4 toadstools
8 creatures vanquished.

Grand Total: 181 creatures vanquished

Notes
Turn   | Place    | Note
-------+----------+-------------------------------------------
     0 | D:1      | Isu the Halfling Skald began the quest for the Orb.
     0 | D:1      | Reached XP level 1. HP: 14/14 MP: 3/3
   273 | D:1      | Reached skill level 1 in Stealth
   298 | D:1      | Reached XP level 2. HP: 13/19 MP: 4/4
   321 | D:1      | Reached skill level 3 in Short Blades
   677 | D:1      | Reached XP level 3. HP: 24/24 MP: 5/5
   799 | D:2      | Found a radiant altar of Vehumet.
   826 | D:2      | Reached skill level 4 in Short Blades
   951 | D:2      | Found a hide-covered altar of Uskayaw.
   995 | D:2      | Reached XP level 4. HP: 28/29 MP: 6/6
  1276 | D:2      | Found an ancient bone altar of Kikubaaqudgha.
  1278 | D:2      | Found a blossoming altar of Fedhas.
  1278 | D:2      | Found a deep blue altar of Sif Muna.
  1280 | D:2      | Found a shadowy altar of Dithmenos.
  1280 | D:2      | Found a glowing silver altar of Zin.
  1280 | D:2      | Found a shimmering altar of Xom.
  1645 | D:3      | Noticed a sky beast
  1664 | D:3      | Killed a sky beast
  1664 | D:3      | Reached skill level 5 in Short Blades
  1664 | D:3      | Reached XP level 5. HP: 14/34 MP: 1/7
  1740 | D:3      | Found an iron altar of Okawaru.
  1745 | D:3      | Noticed Sigmund
  1763 | D:3      | Killed Sigmund
  1763 | D:3      | Reached skill level 7 in Short Blades
  1763 | D:3      | Reached XP level 6. HP: 17/39 MP: 0/8
  1816 | D:3      | Learned a level 2 spell: Song of Slaying
  1819 | D:3      | Learned a level 2 spell: Shroud of Golubria
  2374 | D:3      | Noticed Natasha
  2387 | D:3      | Killed Natasha
  2387 | D:3      | Reached XP level 7. HP: 42/45 MP: 6/9
  2403 | D:3      | Noticed Jessica
  2429 | D:3      | Killed Jessica
  2429 | D:3      | Reached skill level 8 in Short Blades
  2624 | D:3      | Noticed Natasha
  2631 | D:3      | Killed Natasha
  2769 | D:3      | Noticed Natasha
  2779 | D:3      | Killed Natasha
  2779 | D:3      | Reached skill level 1 in Slings
  3020 | D:4      | Found a staircase to the Ecumenical Temple.
  3027 | Temple   | Entered the Ecumenical Temple
  3109 | D:4      | Found Qofuub's Gadget Boutique.
  3297 | D:4      | Found a basalt altar of Yredelemnul.
  3492 | D:5      | Entered Level 5 of the Dungeon
  3756 | D:5      | Reached XP level 8. HP: 44/50 MP: 0/10
  3797 | D:5      | Noticed Grinder
  3823 | D:5      | Paralysed by Grinder for 4 turns
  3845 | D:5      | Paralysed by Grinder for 7 turns
  3871 | D:5      | Killed Grinder
  3935 | D:5      | Found a sparkling altar of Nemelex Xobeh.
  3940 | D:5      | Became a worshipper of Nemelex Xobeh the Trickster
  4194 | D:6      | Noticed Blork the orc
  4213 | D:6      | Killed Blork the orc
  4343 | D:6      | Received a gift from Nemelex Xobeh
  4477 | D:6      | Reached skill level 5 in Slings
  4477 | D:6      | Reached skill level 5 in Dodging
  4542 | D:6      | Found a runed translucent gate.
  4542 | D:6      | Found a runed translucent gate.
  4542 | D:6      | Found a runed translucent gate.
  4584 | D:6      | Reached skill level 5 in Armour
  4665 | D:6      | Identified the cursed +1 short sword of Richaos {pain, rF+
                  | rC+}
  4665 | D:6      | Noticed a kobold demonologist
  4665 | D:6      | Noticed IBeShadow's ghost (novice DsCK)
  4704 | D:6      | Reached XP level 9. HP: 55/55 MP: 1/11
  4870 | D:6      | Found Sedghuq's Magic Scroll Shop.
  5321 | D:7      | Noticed Harold
  5330 | D:7      | Received a gift from Nemelex Xobeh
  5371 | D:7      | Noticed Pikel
  5388 | D:7      | Identified the -1 hand axe of Reapportionment {flame,
                  | Str+3}
  5405 | D:7      | Killed Pikel
  5405 | D:7      | Reached skill level 5 in Fighting
  5420 | D:7      | Killed Harold
  5420 | D:7      | Reached skill level 9 in Short Blades
  5420 | D:7      | Reached XP level 10. HP: 27/66 MP: 10/12
  5441 | D:7      | Reached skill level 10 in Short Blades
  5556 | D:7      | Reached * piety under Nemelex Xobeh
  5651 | D:7      | Received a gift from Nemelex Xobeh
  5840 | D:7      | Found a hazy altar of Hepliaklqana.
  5887 | D:7      | Found a white marble altar of Elyvilon.
  6552 | D:8      | Found a shattered altar of Ashenzari.
  6553 | D:8      | Reached ** piety under Nemelex Xobeh
  6638 | D:8      | Reached skill level 11 in Short Blades
  6648 | D:8      | Noticed a two-headed ogre
  6667 | D:8      | Killed a two-headed ogre
  6667 | D:8      | Reached skill level 1 in Long Blades
  6677 | D:8      | Noticed Grum
  6702 | D:8      | Killed Grum
  6749 | D:8      | Found a flagged portal.
  6760 | Bailey   | Entered a bailey
  6878 | Bailey   | Received a gift from Nemelex Xobeh
  7244 | Bailey   | Shot with a bolt by an orc

Skill      XL: |  1  2  3  4  5  6  7  8  9 10 |
---------------+-------------------------------+-----
Stealth        | 1 2 |  2.0
Short Blades   | 3 4 5 7 8 9 11 | 11.0
Fighting       | 2 5 |  5.5
Slings         | 3 5 |  5.1
Armour         | 3 5 7 |  7.8
Dodging        | 3 5 6 7 |  7.4
Long Blades    | 2 |  2.2
Spellcasting   | |  1.5
Charms         | |  3.2

Action                   |  1- 3 |  4- 6 |  7- 9 | 10-12 || total
-------------------------+-------+-------+-------+-------++-------
Melee: Short sword       |    23 |    10 |       |       ||    33
       Dagger            |   127 |   138 |   603 |    71 ||   939
       Long sword        |       |       |       |    31 ||    31
       Spear             |       |       |       |    27 ||    27
 Fire: Hunting sling     |       |       |    24 |    45 ||    69
       Arbalest          |       |       |       |    16 ||    16
Throw: Throwing net      |       |     3 |       |       ||     3
 Cast: Infusion          |     2 |     3 |    21 |     3 ||    29
       Song of Slaying   |       |     2 |     3 |     2 ||     7
       Shroud of Golubri |       |     1 |    15 |     8 ||    24
 Abil: Draw Destruction  |       |       |     7 |     5 ||    12
       Draw Summoning    |       |       |     2 |       ||     2
       Draw Escape       |       |       |     1 |       ||     1
Evoke: Wand              |       |     1 |    10 |     9 ||    20
  Use: Scroll            |       |     4 |     7 |     3 ||    14
       Potion            |       |     1 |     1 |     2 ||     4
 Stab: Sleeping          |     1 |       |     7 |       ||     8
  Eat: Chunk             |       |     5 |    13 |     2 ||    20
       Ration            |       |       |       |     2 ||     2
Armor: Leather armour    |    31 |    36 |   107 |    16 ||   190
Dodge: Dodged            |    93 |    84 |   284 |   116 ||   577
       Rpst.: Long sword |       |       |       |     8 ||     8
